 Dungeon Crawl Stone Soup version 0.19.4-10-g532645f (webtiles) character file.

1507 Magnus the Zephyrmancer (level 8, -3/41 HPs)
             Began as a Tengu Air Elementalist on Feb 24, 2017.
             Slain by a sky beast (6 damage)
             ... on level 7 of the Dungeon.
             The game lasted 00:30:38 (7666 turns).

Magnus the Zephyrmancer (Tengu Air Elementalist)    Turns: 7666, Time: 00:30:39

Health: -3/41      AC:  3    Str:  8    XL:     8   Next: 82%
Magic:  5/12       EV: 17    Int: 18    God:
Gold:   105        SH:  0    Dex: 15    Spells: 3 memorised, 3 levels left

rFire  + . .     SeeInvis .     z - staff of death
rCold  . . .     Gourm    .     a - +0 robe
rNeg   + . .     Faith    .     (no shield)
rPois  .         Spirit   .     (helmet restricted)
rElec  .         Reflect  .     (no cloak)
rCorr  .         Harm     .     k - +0 pair of gloves
MR     .....                    (boots unavailable)
Stlth  ++........               (no amulet)
                                (no ring)
                                g - ring of protection from fire

@: repel missiles
A: beak, talons 3, able to fly 1
a: Fly


You were on level 7 of the Dungeon.
You were not hungry.

You visited 1 branch of the dungeon, and saw 7 of its levels.

You collected 357 gold pieces.
You spent 252 gold pieces at shops.

Inventory:

Hand Weapons
 B - a +1 dagger of protection
 D - a +0 dagger of distortion
Armour
 a - a +0 robe (worn)
 k - a +0 pair of gloves (worn)
Magical Staves
 z - an uncursed staff of death (weapon)
Jewellery
 g - a ring of protection from fire (left hand)
 q - a +2 ring of evasion {unknown}
 t - an uncursed amulet of guardian spirit {unknown}
Wands
 E - a wand of paralysis (14/24)
Scrolls
 e - a scroll of remove curse
 m - a scroll of blinking {unknown}
 n - 2 scrolls of enchant weapon
 u - 2 scrolls of identify
 y - a scroll of teleportation {unknown}
 A - a scroll of random uselessness {unknown}
Potions
 h - 2 potions of cure mutation {unknown}
 j - 2 potions of curing {unknown}
 o - 2 potions of berserk rage {unknown}
 p - a potion of lignification {unknown}
 r - a potion of degeneration {unknown}
 s - 2 potions of haste
 v - a potion of might {unknown}
 w - a potion of magic {unknown}
 C - a potion of mutation {unknown}
Books
 b - a book of Air

   Spells                             Type                      Level
   a - Shock                          Conjuration/Air              1
   b - Swiftness                      Charms/Air                   2
   c - Repel Missiles                 Charms/Air                   2
   d - Static Discharge               Conjuration/Air              3
   e - Lightning Bolt                 Conjuration/Air              5
 x - a book of Minor Magic

   Spells                             Type                      Level
   a - Magic Dart                     Conjuration                  1
   b - Blink                          Translocation                2
   c - Call Imp                       Summoning                    2
   d - Repel Missiles                 Charms/Air                   2
   e - Slow                           Hexes                        2
   f - Conjure Flame                  Conjuration/Fire             3
   g - Mephitic Cloud                 Conjuration/Poison/Air       3
Comestibles
 c - 4 bread rations
 d - 4 beef jerkies
 f - a slice of pizza
 i - 4 meat rations
 F - 4 chunks of flesh


   Skills:
 + Level 7.1 Dodging
 - Level 2.0 Stealth
 + Level 2.4 Spellcasting
 + Level 8.1 Conjurations
 + Level 8.7 Air Magic


You had 3 spell levels left.
You knew the following spells:

 Your Spells              Type           Power        Failure   Level  Hunger
a - Shock                 Conj/Air       ####         1%          1    #......
b - Repel Missiles        Chrm/Air       ###...       4%          2    ##.....
c - Lightning Bolt        Conj/Air       ####......   17%         5    ######.


Dungeon Overview and Level Annotations

Branches:
Dungeon (7/15)
 Temple: D:4-7

Altars:
Elyvilon
Hepliaklqana
Nemelex Xobeh
Sif Muna
Uskayaw
The Shining One

Shops:
D:4 **=[%   D:6 !


Innate Abilities, Weirdness & Mutations

You have a beak for a mouth.
You have claws for feet.
You can fly.


Message History

The sky beast barely misses you. The sky beast misses you.
The sky beast closely misses you.
The sky beast flickers out of sight!
Something hits you. Something shocks you.
* * * LOW HITPOINT WARNING * * *
There is a stone staircase leading down here.
You can't go up here!
Something hits you.
* * * LOW HITPOINT WARNING * * *
Something shocks you.
* * * LOW HITPOINT WARNING * * *
You climb downwards.
A scorpion comes into view.
Found a leather armour.
Found a white marble altar of Elyvilon.
There is a stone staircase leading up here.
A scorpion is nearby!
You start resting.
Something hits you.
* * * LOW HITPOINT WARNING * * *
Something shocks you.
You die...

#.......#
#.......#
#......s#
##......
......
#...# .
#...# ...
#<..#≈..♣.
#.@.......
###..[♣._.
#...r..
#≈..♣.
≈≈... #...
#.. ##


You could see a neutral quokka (wandering).

Vanquished Creatures
  Prince Ribbit (D:5)
  Menkaure (D:5)
  A water moccasin (D:5)
  A phantom (D:4)
  An ogre (D:5)
  A centaur (D:5)
  2 crimson imps (D:5)
  A hound (D:5)
  A bullfrog skeleton (D:5)
  A jelly (D:6)
  3 centaur skeletons (D:4)
  An orc priest (D:5)
  10 orc wizards
  A worker ant (D:6)
  A howler monkey zombie (D:5)
  A worker ant zombie (D:5)
  7 gnolls
  6 adders
  2 oozes
  2 worms
  2 dart slugs
  5 leopard geckos
  22 orcs
  4 giant cockroaches
  6 goblins
  12 hobgoblins
  11 jackals
  6 kobolds
  3 quokkas
  A ball python (D:3)
  8 bats
  3 frilled lizards
  6 rats
134 creatures vanquished.

Notes
Turn   | Place    | Note
-------+----------+-------------------------------------------
     0 | D:1      | Magnus the Tengu Air Elementalist began the quest for the Orb.
     0 | D:1      | Reached XP level 1. HP: 10/10 MP: 4/4
   187 | D:1      | Reached XP level 2. HP: 15/15 MP: 1/6
   783 | D:1      | Reached XP level 3. HP: 19/19 MP: 3/7
  1323 | D:1      | Learned a level 2 spell: Repel Missiles
  1805 | D:2      | Reached XP level 4. HP: 24/24 MP: 2/8
  2685 | D:3      | Reached skill level 5 in Air Magic
  2921 | D:3      | Gained mutation: You can fly. [Tengu growth]
  2921 | D:3      | Reached XP level 5. HP: 28/28 MP: 3/9
  3436 | D:4      | Noticed a phantom
  3787 | D:4      | Killed a phantom
  3787 | D:4      | Reached XP level 6. HP: 21/32 MP: 0/10
  3895 | D:4      | Found Manaqeurgh's Jewellery Boutique.
  4014 | D:4      | Found Suskiphe's Food Shop.
  4019 | D:4      | Found a hide-covered altar of Uskayaw.
  4022 | D:4      | Found a hazy altar of Hepliaklqana.
  4027 | D:4      | Found a sparkling altar of Nemelex Xobeh.
  4306 | D:4      | Reached skill level 5 in Dodging
  4326 | D:4      | Reached skill level 5 in Conjurations
  4476 | D:4      | Reached XP level 7. HP: 31/36 MP: 5/11
  4601 | D:4      | Found Xunwum's Antique Armour Shoppe.
  4703 | D:4      | Found Heiraol's General Store.
  5203 | D:4      | Found a deep blue altar of Sif Muna.
  5204 | D:4      | Found Gubbamm's Assorted Antiques.
  5207 | D:4      | Found a glowing golden altar of the Shining One.
  5215 | D:4      | Bought a short jewelled staff for 252 gold pieces
  5453 | D:5      | Entered Level 5 of the Dungeon
  5875 | D:5      | Noticed Prince Ribbit
  5885 | D:5      | Killed Prince Ribbit
  5885 | D:5      | Reached XP level 8. HP: 6/41 MP: 4/12
  7004 | D:5      | Noticed Menkaure
  7071 | D:5      | Killed Menkaure
  7459 | D:5      | Learned a level 5 spell: Lightning Bolt
  7471 | D:6      | Found Omuarhyhe's Distillery.
  7664 | D:7      | Found a white marble altar of Elyvilon.
  7666 | D:7      | Slain by a sky beast

Skill      XL: |  1  2  3  4  5  6  7  8 |
---------------+-------------------------+-----
Conjurations   | 2 3 4 5 6 8 |  8.1
Dodging        | 3 4 5 6 7 |  7.1
Air Magic      | 5 6 7 8 |  8.7
Stealth        | |  2.0
Spellcasting   | |  2.4

Action                   |  1- 3 |  4- 6 |  7- 9 || total
-------------------------+-------+-------+-------++-------
Melee: Unarmed           |       |     6 |       ||     6
       Kick              |       |     2 |       ||     2
       Peck              |       |     1 |       ||     1
 Cast: Shock             |    88 |   165 |   155 ||   408
       Repel Missiles    |     1 |       |     1 ||     2
       Lightning Bolt    |       |       |     1 ||     1
  Use: Scroll            |       |     8 |     1 ||     9
  Eat: Chunk             |     4 |    10 |     9 ||    23
       Fruit             |       |     1 |     4 ||     5
Armor: Robe              |     4 |     4 |     2 ||    10
Dodge: Dodged            |    13 |    27 |    47 ||    87
       Deflected         |       |     4 |     2 ||     6
